AoeStats
← Bartoz

Arabia

509149848Analyzed
1v1 RM · 8d ago on Sep 25, 2026· 30m 41s· 2 players
Game mode
Random Map
Map size
Tiny (2 player)
Population
200
Speed
Normal
Resources
Standard
Victory
Conquest
Starting age
Dark Age
Ending age
Imperial Age
RankedLock teamsTeams togetherTeam positionsShared explorationLock speedFull tech treeHidden civsTurbo modeCheats
Victory
Defeat
🇷🇺 Vikings · Russia
791
+14
🇨🇱 Lithuanians · Chile
742
-14
zagzug.koltsov
9:45 Feudal Age
11:22 Double-Bit Axe
11:21 Horse Collar
17:20 Forging
20:50 Castle Age
20:52 Man-at-Arms
22:14 Iron Casting
21:45 Squires
23:09 Bow Saw
22:35 Long Swordsman
23:30 Arson
25:04 Scale Mail Armor
26:45 Loom
27:40 Fletching
27:37 Elite Skirmisher
33:03 Imperial Age
30:55 Chieftains
Bartoz
4:54 Loom
9:39 Feudal Age
10:23 Double-Bit Axe
10:23 Horse Collar
11:51 Wheelbarrow
11:02 Town Watch
16:32 Forging
20:05 Fletching
20:16 Padded Archer Armor
22:51 Castle Age
22:30 Scale Mail Armor
24:20 Squires
23:41 Pikeman
24:15 Crossbowman
Connection lost

Rejoining the realm…

Still unreachable

The connection could not be restored.

Session expired

The server has moved on; the page needs a fresh start.